 Dungeon Crawl Stone Soup version 0.19.4-10-g532645f (webtiles) character file.

105 empire the Slasher (level 4, -2/36 HPs)
             Began as a Draconian Warper on Feb 24, 2017.
             Slain by a gnoll
             ... wielding a +0 spear
              (5 damage)
             ... on level 3 of the Dungeon.
             The game lasted 00:03:32 (2434 turns).

empire the Slasher (Draconian Warper)               Turns: 2434, Time: 00:03:33

Health: -2/36      AC:  7    Str: 19    XL:     4   Next: 54%
Magic:  7/7        EV: 12    Int: 14    God:
Gold:   35         SH:  0    Dex: 10    Spells: 1 memorised, 5 levels left

rFire  . . .     SeeInvis .     a - +0 falchion
rCold  . . .     Gourm    .     (armour unavailable)
rNeg   . . .     Faith    .     (no shield)
rPois  .         Spirit   .     (helmet restricted)
rElec  .         Reflect  .     (no cloak)
rCorr  .         Harm     .     o - +0 pair of gloves
MR     .....                    l - +0 pair of boots
Stlth  +.........               (no amulet)
                                (no ring)
                                (no ring)

@: mighty
A: unfitting armour, cold-blooded, AC +5
a: no special abilities


You were on level 3 of the Dungeon.
You were near starving.

You visited 1 branch of the dungeon, and saw 3 of its levels.

You collected 35 gold pieces.

Inventory:

Hand Weapons
 a - a +0 falchion (weapon)
 h - a +0 dagger
Missiles
 d - 5 tomahawks of dispersal (quivered)
Armour
 l - a +0 pair of boots (worn)
 o - a +0 pair of gloves (worn)
Jewellery
 q - an uncursed ring of poison resistance {unknown}
 u - an uncursed amulet of the gourmand {unknown}
Wands
 r - a wand of digging (11/24)
Scrolls
 c - 2 scrolls of blinking
 g - 4 scrolls of teleportation {unknown}
 i - 2 scrolls of fog {unknown}
 k - a scroll of amnesia {unknown}
 m - 2 scrolls of identify {unknown}
 s - a scroll of enchant armour {unknown}
 v - a scroll of noise {unknown}
Potions
 e - a potion of might
 j - a potion of agility {unknown}
 n - a potion of haste {unknown}
 p - a potion of resistance {unknown}
 t - a potion of flight {unknown}
 w - a potion of lignification {unknown}
Books
 b - a book of Spatial Translocations

   Spells                             Type                      Level
   a - Blink                          Translocation                2
   b - Shroud of Golubria             Charms/Translocation         2
   c - Lesser Beckoning               Translocation                3
   d - Portal Projectile              Translocation                3
   e - Teleport Other                 Translocation                3
   f - Passage of Golubria            Translocation                4
Comestibles
 f - 4 bread rations


   Skills:
 - Level 2.1 Fighting
 + Level 4.0 Long Blades
 - Level 0.8 Throwing
 - Level 2.1 Dodging
 - Level 2.0 Spellcasting
 + Level 4.0 Translocations


You had 5 spell levels left.
You knew the following spells:

 Your Spells              Type           Power        Failure   Level  Hunger
a - Blink                 Tloc           N/A          10%         2    ###....


Dungeon Overview and Level Annotations

Branches:
Dungeon (3/15)

Altars:
Dithmenos


Innate Abilities, Weirdness & Mutations

Your plain brown scales are hard. (AC +5)
You cannot fit into any form of body armour.
You are cold-blooded and may be slowed by cold attacks.


Message History

The gnoll is severely wounded.
The gnoll hits you with an enchanted halberd.
The gnoll closely misses you.
You hit the gnoll but do no damage.
Your tail-slap misses the gnoll.
The gnoll is severely wounded.
The gnoll hits you with an enchanted halberd.
* * * LOW HITPOINT WARNING * * *
The gnoll closely misses you.
It was a potion of might.
You feel very mighty all of a sudden.
The gnoll hits you with an enchanted halberd.
* * * LOW HITPOINT WARNING * * *
The gnoll hits you from afar with a spear.
* * * LOW HITPOINT WARNING * * *
You slash the gnoll!
You kill the gnoll!
Your Translocations skill increases to level 4!
The gnoll closely misses you. The gnoll hits you with a spear.
You die...

#########
+..g@)..#
#######.#
### #.#
#.. #.#
#.# #.#
#.# #.#
#######.#
#.#
#.......#
#.#
#.......#
#.#
#.......#


You could see a gnoll.

Vanquished Creatures
  3 gnolls (D:3)
  3 adders (D:2)
  An ooze (D:2)
  4 giant cockroaches
  4 goblins
  10 hobgoblins
  6 kobolds
  6 bats
  3 frilled lizards
  8 rats
48 creatures vanquished.

Notes
Turn   | Place    | Note
-------+----------+-------------------------------------------
     0 | D:1      | empire the Draconian Warper began the quest for the Orb.
     0 | D:1      | Reached XP level 1. HP: 17/17 MP: 3/3
   334 | D:1      | Reached XP level 2. HP: 12/24 MP: 5/5
   480 | D:1      | Learned a level 2 spell: Blink
   985 | D:2      | Reached XP level 3. HP: 20/29 MP: 6/6
  1543 | D:2      | Found a shadowy altar of Dithmenos.
  2007 | D:2      | Reached XP level 4. HP: 35/36 MP: 7/7
  2434 | D:3      | Slain by a gnoll

Skill      XL: |  1  2  3  4 |
---------------+-------------+-----
Long Blades    | 3 4 |  4.0
Translocations | 4 |  4.0
Fighting       | |  2.1
Throwing       | |  0.8
Dodging        | |  2.1
Spellcasting   | |  2.0

Action                   |  1- 3 |  4- 6 || total
-------------------------+-------+-------++-------
Melee: Falchion          |   118 |    22 ||   140
       Tailslap          |    21 |     1 ||    22
  Use: Potion            |       |     1 ||     1
  Eat: Chunk             |     3 |       ||     3
Armor: Skin              |    43 |     8 ||    51
Dodge: Dodged            |    84 |    19 ||   103
       Rpst.: Falchion   |    36 |     5 ||    41
